 Dungeon Crawl Stone Soup version 0.21.1-1-g345015f (webtiles) character file.

88 Mirai the Skirmisher (level 4, 0/36 HPs)
             Began as a Demonspawn Fighter on Mar 11, 2018.
             Slain by Mirai's ghost (2 damage)
             ... on level 3 of the Dungeon.
             The game lasted 00:04:23 (2034 turns).

Mirai the Skirmisher (Demonspawn Fighter)           Turns: 2034, Time: 00:04:23

Health: 0/36       AC: 11    Str: 18    XL:     4   Next: 29%
Magic:  4/4        EV:  4    Int:  9    God:
Gold:   103        SH:  8    Dex: 12    Spells: 3/3 levels left

rFire    + . .     SeeInvis +   a - +0 broad axe
rCold    . . .     Gourm    .   c - +0 shield
rNeg     . . .     Faith    .   s - +1 chain mail {rF+}
rPois    .         Spirit   .   (no helmet)
rElec    .         Reflect  .   (no cloak)
rCorr    .         Harm     .   q - +0 pair of gloves
MR       .....                  (no boots)
Stlth    ..........             (no amulet)
HPRegen  0.12/turn              k - ring of see invisible
MPRegen  0.09/turn              (no ring)

@: no status effects
A: talons 2
a: no special abilities


You were on level 3 of the Dungeon.
You were not hungry.

You visited 1 branch of the dungeon, and saw 3 of its levels.

You collected 103 gold pieces.

Inventory:

Hand Weapons
 a - a +0 broad axe (weapon)
Armour
 c - a +0 shield (worn)
 q - a +0 pair of gloves (worn)
 s - a +1 chain mail of fire resistance (worn)
Jewellery
 k - a ring of see invisible (left hand)
Scrolls
 g - 4 scrolls of amnesia {unknown}
 h - 2 scrolls of noise {unknown}
 i - a scroll of teleportation {unknown}
 j - a scroll of enchant weapon {unknown}
 p - a scroll of enchant armour {unknown}
 r - a scroll of identify {unknown}
Potions
 d - 2 potions of might
 e - a potion of agility {unknown}
 l - a potion of flight {unknown}
 m - a potion of haste {unknown}
 n - a potion of magic {unknown}
Comestibles
 f - 2 rations


   Skills:
 + Level 3.6 Fighting
 + Level 3.0 Axes
 + Level 3.4 Armour
 + Level 0.2 Dodging
 - Level 2.6 Shields


You had 3 spell levels left.
You didn't know any spells.

Dungeon Overview and Level Annotations

Branches:
Dungeon (3/15)

Altars:
Dithmenos
Fedhas
Trog
Xom

Annotations:
D:3 Mirai's ghost, amateur DsFi


Innate Abilities, Weirdness & Mutations

You have razor-sharp toenails.


Message History

Mirai's ghost hits you! Mirai's ghost hits you.
A ball python comes into view.
You closely miss Mirai's ghost.
The ball python hisses angrily.
Your kick misses Mirai's ghost.
Mirai's ghost is lightly damaged.
You block Mirai's ghost's attack.
You hit Mirai's ghost.
Mirai's ghost is lightly damaged.
Mirai's ghost hits you!
* * * LOW HITPOINT WARNING * * *
You block Mirai's ghost's attack.
Unknown command.
The ball python barely misses you. The ball python grabs you.
The ball python constricts you.
You escape the ball python's grasp.
You open the door. The ball python bites you.
* * * LOW HITPOINT WARNING * * *
The ball python barely misses you. Mirai's ghost hits you.
You die...

###.... .#.#
#.....##...##
#.._..#.....#
+.....#.....#
#.....#.....# #
.###
#.....#.....# #
..... #.........#
#
......#.W.......#
#
......'@S.......#
#
......#.........#
# .....
######.#+## #
.... #.# # ...
#.# # .. #.# # .
#.# # #.# #
#############.#


You could see Mirai's ghost and a ball python.

Vanquished Creatures
  4 adders (D:2)
  An ooze (D:1)
  2 dart slugs
  A leopard gecko (D:3)
  8 bats
  A giant cockroach (D:1)
  5 goblins
  5 hobgoblins
  3 jackals (D:2)
  4 frilled lizards
  8 kobolds
  5 rats
47 creatures vanquished.

Notes
Turn   | Place    | Note
-------+----------+-------------------------------------------
     0 | D:1      | Mirai the Demonspawn Fighter began the quest for the Orb.
     0 | D:1      | Reached XP level 1. HP: 18/18 MP: 1/1
   306 | D:1      | Gained mutation: You have sharp toenails. [demonic ancestry]
   306 | D:1      | Reached XP level 2. HP: 24/24 MP: 2/2
  1041 | D:2      | Found a bloodstained altar of Trog.
  1068 | D:2      | Gained mutation: You have razor-sharp toenails. [demonic ancestry]
  1068 | D:2      | Reached XP level 3. HP: 23/29 MP: 3/3
  1358 | D:2      | Reached XP level 4. HP: 22/35 MP: 4/4
  1907 | D:3      | Found a blossoming altar of Fedhas.
  1979 | D:3      | Found a shimmering altar of Xom.
  2014 | D:3      | Found a shadowy altar of Dithmenos.
  2022 | D:3      | Noticed Mirai's ghost (amateur DsFi)
  2034 | D:3      | Slain by Mirai's ghost

Skill      XL: |  1  2  3  4 |
---------------+-------------+-----
Axes           | 2 3 |  3.0
Armour         | 3 |  3.4
Fighting       | |  3.6
Dodging        | |  0.2
Shields        | |  2.6

Action                   |  1- 3 |  4- 6 || total
-------------------------+-------+-------++-------
Melee: War axe           |    77 |     1 ||    78
       Kick              |    12 |    11 ||    23
       Broad axe         |       |    48 ||    48
  Use: Potion            |     2 |       ||     2
  Eat: Chunk             |     1 |     3 ||     4
Armor: Scale mail        |    40 |    24 ||    64
       Chain mail        |       |    12 ||    12
Dodge: Dodged            |    24 |    17 ||    41
Block: Shield            |    35 |    23 ||    58
